AoeStats
← maimadana

Arabian Desert

509680266Analyzed
1v1 RM · 5d ago on Sep 27, 2026· 36m 34s· 2 players
Game mode
Random Map
Map size
Tiny (2 player)
Population
200
Speed
Normal
Resources
Standard
Victory
Conquest
Starting age
Dark Age
Ending age
Imperial Age
RankedLock teamsTeams togetherTeam positionsShared explorationLock speedFull tech treeHidden civsTurbo modeCheats
Victory
Defeat
🇹🇷 Inca · Türkiye
833
+17
🇨🇿 Lithuanians · Czechia
846
-22
Birusk
4:20 Loom
10:58 Feudal Age
11:42 Double-Bit Axe
13:59 Wheelbarrow
17:21 Champi Runner
18:27 Fletching
22:18 Wheelbarrow
21:48 Arson
22:18 Scale Mail Armor
22:48 Horse Collar
23:00 Gold Mining
23:46 Stone Mining
25:03 Forging
35:06 Castle Age
35:19 Town Watch
35:26 Champi Warrior
36:07 Squires
36:40 Bow Saw
36:30 Heavy Plow
37:06 Gold Shaft Mining
37:07 Stone Shaft Mining
maimadana
7:13 Loom
9:25 Feudal Age
9:51 Double-Bit Axe
10:02 Horse Collar
16:07 Fletching
20:51 Castle Age
22:06 Husbandry
22:00 Gold Mining
22:22 Crossbowman
26:23 Light Cavalry
Connection lost

Rejoining the realm…

Still unreachable

The connection could not be restored.

Session expired

The server has moved on; the page needs a fresh start.